 Dungeon Crawl Stone Soup version 0.19.3-4-gbf9329e (webtiles) character file.

74 bosm the Magician (level 4, -3/30 HPs)
             Began as a Demonspawn Ice Elementalist on Jan 27, 2017.
             Killed from afar by an orc wizard (4 damage)
             ... with a magic dart
             ... on level 3 of the Dungeon.
             The game lasted 00:05:28 (2252 turns).

bosm the Magician (Demonspawn Ice Elementalist)     Turns: 2252, Time: 00:05:29

Health: -3/30      AC:  9    Str:  8    XL:     4   Next: 9%
Magic:  9/9        EV: 10    Int: 18    God:
Gold:   152        SH:  0    Dex: 13    Spells: 3 memorised, 1 level left

rFire  + . .     SeeInvis .     q - +0 mace (crush)
rCold  . . .     Gourm    .     l - +1 ring mail {rF+}
rNeg   . . .     Faith    .     (no shield)
rPois  .         Spirit   .     (no helmet)
rElec  .         Reflect  .     j - +2 cloak
rCorr  .         Harm     .     (no gloves)
MR     .....                    (no boots)
Stlth  +.........               (no amulet)
                                (no ring)
                                (no ring)

@: lethally poisoned (-3 -> -48), hasted, very quick
A: hooves 1, spiny 1
a: no special abilities


You were on level 3 of the Dungeon.
You were hungry.

You visited 1 branch of the dungeon, and saw 3 of its levels.

You collected 152 gold pieces.

Inventory:

Hand Weapons
 e - a +0 mace
 q - a +0 mace of crushing (weapon)
Armour
 a - a +0 robe
 j - a +2 cloak (worn)
 l - a +1 ring mail of fire resistance (worn)
Scrolls
 h - a scroll of immolation {unknown}
 k - 3 scrolls of teleportation {unknown}
 n - 3 scrolls of remove curse {unknown}
 o - a scroll of random uselessness {unknown}
 p - a scroll of amnesia {unknown}
Books
 b - a book of Frost

   Spells                             Type                      Level
   a - Freeze                         Ice                          1
   b - Throw Frost                    Conjuration/Ice              2
   c - Ozocubu's Armour               Charms/Ice                   3
   d - Throw Icicle                   Conjuration/Ice              4
   e - Summon Ice Beast               Ice/Summoning                4
Comestibles
 c - 2 bread rations
 f - a royal jelly
 g - a slice of pizza
 m - 3 fruits


   Skills:
 + Level 0.0 Armour
 - Level 1.7 Dodging
 - Level 1.7 Stealth
 * Level 3.4 Spellcasting
 + Level 1.1 Conjurations
 + Level 3.3 Ice Magic


You had one spell level left.
You knew the following spells:

 Your Spells              Type           Power        Failure   Level  Hunger
a - Freeze                Ice            ###.         14%         1    None
c - Ozocubu's Armour      Chrm/Ice       #.......     75%         3    ###....
s - Throw Icicle          Conj/Ice       ##......     99%         4    ####...


Dungeon Overview and Level Annotations

Branches:
Dungeon (3/15)

Altars:
Hepliaklqana
Sif Muna

Annotations:
D:2 Sigmund


Innate Abilities, Weirdness & Mutations

You have large cloven feet.
You are partially covered in sharp spines.


Message History

You are more poisoned.
You miss something. You kick something.
* * * LOW HITPOINT WARNING * * *
You feel very sick. Something hits you but does no damage.
You are more poisoned.
You miss something.
* * * LOW HITPOINT WARNING * * *
You feel very sick. Something hits you but does no damage.
You are more poisoned.
Something hits you but does no damage.
You are more poisoned.
You feel yourself speed up.
* * * LOW HITPOINT WARNING * * *
You feel very sick.
You hear some strange, mumbled words.
A magic dart appears from out of thin air!
The magic dart hits you!
You die...

......###.#
#.......... #...#
##.## #†#.# .....
#...#...... .
#...#...... ..
##+###.#o...._.. .#
##...##.#{#...... .#
##.....#.#@#......
.## ##........#.#
.o...
..####.........#.#
##.##
.....'.............
.{.
..####..............
.. .##
##.......###### .#
##.....## ## ##...##
##+##


You could see an orc.

Vanquished Creatures
  2 adders
  A worm (D:2)
  3 dart slugs (D:1)
  A giant cockroach (D:2)
  9 goblins
  5 hobgoblins
  4 jackals (D:2)
  9 kobolds
  4 bats (D:2)
  3 frilled lizards
  A leopard gecko skeleton (D:3)
  5 rats
47 creatures vanquished.

Notes
Turn   | Place    | Note
-------+----------+-------------------------------------------
     0 | D:1      | bosm the Demonspawn Ice Elementalist began the quest for the Orb.
     0 | D:1      | Reached XP level 1. HP: 13/13 MP: 3/3
   402 | D:1      | Gained mutation: You are partially covered in sharp spines. [demonic ancestry]
   402 | D:1      | Reached XP level 2. HP: 17/19 MP: 5/5
  1114 | D:1      | Gained mutation: You have large cloven feet. [demonic ancestry]
  1114 | D:1      | Reached XP level 3. HP: 24/24 MP: 5/7
  1199 | D:1      | Learned a level 3 spell: Ozocubu's Armour
  1356 | D:2      | Noticed Sigmund
  1793 | D:2      | Reached XP level 4. HP: 30/30 MP: 6/9
  1802 | D:2      | Learned a level 4 spell: Throw Icicle
  2138 | D:3      | Found a deep blue altar of Sif Muna.
  2229 | D:3      | Found a hazy altar of Hepliaklqana.
  2252 | D:3      | HP: 1/30 [poisoned by an orc wizard]
  2252 | D:3      | Killed from afar by an orc wizard

Skill      XL: |  1  2  3 |
---------------+----------+-----
Ice Magic      | 3 |  3.3
Spellcasting   | 3 |  3.4
Dodging        | |  1.7
Stealth        | |  1.7
Conjurations   | |  1.1

Action                   |  1- 3 |  4- 6 || total
-------------------------+-------+-------++-------
Melee: Mace              |    65 |    18 ||    83
       Kick              |     9 |     4 ||    13
 Cast: Freeze            |    19 |       ||    19
  Use: Potion            |     3 |     1 ||     4
       Scroll            |     1 |     1 ||     2
 Stab: Sleeping          |     1 |       ||     1
  Eat: Chunk             |     3 |     1 ||     4
Armor: Robe              |     6 |       ||     6
       Ring mail         |    18 |    15 ||    33
Dodge: Dodged            |    39 |     4 ||    43
